 Dungeon Crawl Stone Soup version 0.21.1-1-g345015fe64 (webtiles) character file.

475 Brecoman the Chopper (level 7, -1/52 HPs)
             Began as a Formicid Fighter on June 22, 2018.
             Slain by Brecoman's ghost (2 damage)
             ... on level 4 of the Dungeon.
             The game lasted 00:11:21 (3424 turns).

Brecoman the Chopper (Formicid Fighter)             Turns: 3424, Time: 00:11:22

Health: -1/52      AC: 11    Str: 22    XL:     7   Next: 32%
Magic:  7/7        EV:  8    Int:  8    God:
Gold:   212        SH:  9    Dex: 10    Spells: 6/6 levels left

rFire    . . .     SeeInvis +   a - +0 war axe
rCold    . . .     Gourm    +   c - +0 shield
rNeg     . . .     Faith    .   b - +1 scale mail
rPois    .         Spirit   .   (helmet unavailable)
rElec    .         Reflect  .   r - +1 cloak
rCorr    .         Harm     .   (no gloves)
MR       .....                  k - +0 pair of boots
Stlth    ..........             i - amulet of the gourmand
HPRegen  0.17/turn              (no ring)
MPRegen  0.10/turn              (no ring)

@: no status effects
A: permanent stasis, dig shafts and tunnels, four strong arms, antennae 3
a: Dig, Shaft Self


You were on level 4 of the Dungeon.
You were very full.

You visited 1 branch of the dungeon, and saw 4 of its levels.

You collected 212 gold pieces.

Inventory:

Hand Weapons
 a - a +0 war axe (weapon)
 q - a +4 quarterstaff of chaos
Missiles
 m - 42 stones (quivered)
 t - 3 tomahawks
Armour
 b - a +1 scale mail (worn)
 c - a +0 shield (worn)
 k - a +0 pair of boots (worn)
 r - a +1 cloak (worn)
Jewellery
 i - an amulet of the gourmand (around neck)
 x - a +3 ring of protection
Wands
 o - a wand of digging (10)
 w - a wand of polymorph (12)
Scrolls
 j - a scroll of fear
 l - 2 scrolls of remove curse
 p - a scroll of magic mapping
 u - a scroll of fog
 A - a scroll of enchant weapon {unknown}
Potions
 d - a potion of flight {unknown}
 e - a potion of degeneration {unknown}
 g - 6 potions of curing
 h - a potion of mutation {unknown}
 n - 2 potions of brilliance {unknown}
 s - 2 potions of lignification {unknown}
 v - a potion of berserk rage {unknown}
Comestibles
 f - 8 rations
 z - 7 chunks of flesh


   Skills:
 - Level 3.4 Fighting
 + Level 7.0 Axes
 - Level 3.7 Armour
 - Level 0.3 Dodging
 - Level 0.3 Stealth
 - Level 4.0 Shields


You had 6 spell levels left.
You didn't know any spells.

Dungeon Overview and Level Annotations

Branches:
Dungeon (4/15)
 Temple: D:4-7

Altars:
Gozag
Hepliaklqana
Makhleb

Shops:
D:4 :

Annotations:
D:4 Brecoman's ghost, amateur FoFi; Eustachio


Innate Abilities, Weirdness & Mutations

You cannot be hasted, slowed, berserked, paralysed or teleported.
You can dig through walls and to a lower floor.
Your four strong arms can wield two-handed weapons with a shield.
You have a pair of large antennae on your head. (SInv)


Message History

You slash Brecoman's ghost!
Brecoman's ghost is severely damaged.
Brecoman's ghost hits you but does no damage.
You barely miss Brecoman's ghost.
Brecoman's ghost is severely damaged.
Brecoman's ghost hits you but does no damage.
You hit Brecoman's ghost.
Brecoman's ghost is severely damaged.
Brecoman's ghost hits you.
* * * LOW HITPOINT WARNING * * *
Your shield and scale mail prevent you from hitting Brecoman's ghost.
Brecoman's ghost is severely damaged.
You hear the slow rusting of a very distant drain.
You block Brecoman's ghost's attack.
You hit Brecoman's ghost.
Brecoman's ghost is almost destroyed.
Brecoman's ghost hits you!
* * * LOW HITPOINT WARNING * * *
Brecoman's ghost hits you.
You die...

.# .# ..#.# #.
.......###.##
...##...##..
....##..@.#.###
.....#.##.....###
#..........##...##
.@......##.##.#W@##
..W.<...##........###
.....?..............##
........#.#####......##
....#.....# ###.....#
......#..... #.##.##
###...##..#. #....#
###.....# ###### ####..


You could see Brecoman's ghost.

Vanquished Creatures
  An ogre (D:4)
  A bullfrog (D:2)
  Crazy Yiuf (D:2)
  An orc priest (D:3)
  A hound (D:4)
  Jessica (D:2)
  Terence (D:2)
  2 iguanas
  An orc wizard (D:3)
  A worker ant (D:3)
  2 adders
  A shadow imp (D:2)
  An ooze (D:3)
  3 worms
  2 dart slugs
  A leopard gecko (D:1)
  6 orcs (D:3)
  A ball python (D:2)
  8 bats
  2 giant cockroaches
  5 goblins
  4 hobgoblins
  3 jackals (D:2)
  2 quokkas
  5 frilled lizards
  4 kobolds
  A rat (D:1)
62 creatures vanquished.

Notes
Turn   | Place    | Note
-------+----------+-------------------------------------------
     0 | D:1      | Brecoman the Formicid Fighter began the quest for the Orb.
     0 | D:1      | Reached XP level 1. HP: 18/18 MP: 1/1
   349 | D:1      | Reached XP level 2. HP: 23/24 MP: 2/2
   859 | D:2      | HP: 1/24 [worm (4)]
  1159 | D:2      | Reached XP level 3. HP: 11/29 MP: 3/3
  1305 | D:2      | Noticed Terence
  1314 | D:2      | Killed Terence
  1314 | D:2      | Reached skill level 3 in Axes
  1315 | D:2      | Reached XP level 4. HP: 31/35 MP: 4/4
  1506 | D:2      | Found a runed door.
  1510 | D:2      | Noticed Crazy Yiuf
  1518 | D:2      | Killed Crazy Yiuf
  1804 | D:2      | Found a transporter.
  1812 | D:2      | Noticed a bullfrog
  1812 | D:2      | Found a transporter.
  1816 | D:2      | Found a hazy altar of Hepliaklqana.
  1821 | D:2      | Killed a bullfrog
  1821 | D:2      | Reached skill level 4 in Axes
  1821 | D:2      | Reached XP level 5. HP: 39/41 MP: 5/5
  1940 | D:2      | Noticed Jessica
  1944 | D:2      | Killed Jessica
  1944 | D:2      | Reached skill level 5 in Axes
  1944 | D:2      | Reached XP level 6. HP: 42/47 MP: 6/6
  2076 | D:2      | Found a burning altar of Makhleb.
  2523 | D:3      | Found a faded altar of an unknown god.
  2929 | D:3      | Reached skill level 6 in Axes
  2957 | D:3      | Found an opulent altar of Gozag.
  3225 | D:4      | Found Beokha's Book Emporium.
  3246 | D:4      | Noticed an ogre
  3254 | D:4      | Killed an ogre
  3254 | D:4      | Reached XP level 7. HP: 47/52 MP: 7/7
  3291 | D:4      | Noticed Brecoman's ghost (amateur FoFi)
  3337 | D:4      | Noticed Eustachio
  3382 | D:4      | Reached skill level 7 in Axes
  3424 | D:4      | HP: 1/52 [Brecoman's ghost (8)]
  3424 | D:4      | Slain by Brecoman's ghost

Skill      XL: |  1  2  3  4  5  6  7 |
---------------+----------------------+-----
Shields        | 4 |  4.0
Axes           | 3 4 5 6 7 |  7.0
Fighting       | |  3.4
Armour         | |  3.7
Dodging        | |  0.3
Stealth        | |  0.3

Action                   |  1- 3 |  4- 6 |  7- 9 || total
-------------------------+-------+-------+-------++-------
Melee: War axe           |    65 |   147 |    26 ||   238
 Abil: Dig               |       |     3 |       ||     3
  Use: Scroll            |     3 |     5 |     1 ||     9
       Potion            |     1 |       |       ||     1
  Eat: Ration            |     1 |       |       ||     1
       Chunk             |       |    19 |       ||    19
Armor: Scale mail        |    40 |    81 |     8 ||   129
Dodge: Dodged            |    32 |    59 |     6 ||    97
Block: Shield            |    58 |    91 |     9 ||   158
